 Dungeon Crawl Stone Soup version 0.18.1-8-gdd0e5ea (webtiles) character file.

28 matakusis the Sneak (level 2, 0/19 HPs)
             Began as a Vampire Enchanter on June 5, 2016.
             Slain by an adder (2 damage)
             ... on level 2 of the Dungeon.
             The game lasted 00:04:14 (843 turns).

matakusis the Sneak (Vampire Enchanter)              Turns: 843, Time: 00:04:15

Health: 0/19       AC:  3    Str:  7    XL:     2   Next: 96%
Magic:  3/5        EV: 13    Int: 17    God:
Gold:   113        SH:  0    Dex: 14    Spells: 1 memorised, 4 levels left

rFire  . . .     SeeInvis +     a - +1 dagger
rCold  . . .     Gourm    .     b - +1 robe
rNeg   + . .     Faith    .     (no shield)
rPois  +         Spirit   .     (no helmet)
rElec  .         Dismiss  .     (no cloak)
rCorr  .         Reflect  .     (no gloves)
SustAt .         Harm     .     (no boots)
MR     .....                    (no amulet)
Stlth  +++.......               (no ring)
                                (no ring)

@: lethally poisoned (0 -> -5), not resistant to hostile enchantments, fairly
stealthy
A: fangs 3, see invisible, poison resistance, unbreathing, no device heal 2
a: no special abilities


You were on level 2 of the Dungeon.
You were not thirsty.

You visited 1 branch of the dungeon, and saw 2 of its levels.

You collected 113 gold pieces.

Inventory:

Hand Weapons
 a - a +1 dagger (weapon)
Armour
 b - a +1 robe (worn)
Scrolls
 e - a scroll of immolation {unknown}
 f - a scroll of remove curse
Potions
 d - 4 potions of blood
 h - a potion of flight
Books
 c - a book of Maledictions

   Spells                             Type                      Level
   a - Corona                         Hexes                        1
   b - Ensorcelled Hibernation        Hexes/Ice                    2
   c - Confuse                        Hexes                        3
   d - Tukima's Dance                 Hexes                        3
   e - Dazzling Spray                 Conjuration/Hexes            3


   Skills:
 + Level 1.1 Short Blades
 + Level 2.5 Dodging
 * Level 5.6 Stealth
 + Level 2.1 Spellcasting
 + Level 4.7 Hexes


You had 4 spell levels left.
You knew the following spells:

 Your Spells              Type           Power        Failure   Level  Hunger
a - Corona                Hex            ###....      2%          1    #......


Dungeon Overview and Level Annotations

Branches:
Dungeon (2/15)

Altars:


Innate Abilities, Weirdness & Mutations

You have razor-sharp teeth.
You have supernaturally acute eyesight.
You can survive without breathing.
Your system is resistant to poisons.
Potions and wands are poor at restoring your health.


Message History

You feel sick. The adder barely misses you.
You hit the adder.
The adder is heavily wounded.
* * * LOW HITPOINT WARNING * * *
You feel sick. The adder misses you.
Drink which item? (? for menu, Esc to quit)
It was a potion of mutation.
You feel extremely strange.
Your system partially rejects artificial healing.
You feel resistant to poisons.
Your system mostly rejects artificial healing.
The adder bites you.
* * * LOW HITPOINT WARNING * * *
* * * LOW HITPOINT WARNING * * *
You feel sick. The adder bites you but does no damage.
* * * LOW HITPOINT WARNING * * *
You feel sick.
The adder stops glowing.
The adder completely misses you.
* * * LOW HITPOINT WARNING * * *
You feel sick. The adder bites you.
You die...

...h.. .....### ......#
.....# # ....#
#.########### #h..#
#......>@Sh.# #...######
#########(#.###........# .
# #.#.....h#.....#... ..
#.#.#..#.#.#....#_# .#
...##.#.#..#.#.####..#...#
.............#....h.......
####.#.####.#..##########
#..<...#...........
#.#.#..#.#..#######


You could see an adder and a jackal.

Vanquished Creatures
  A gnoll (D:1)
  3 giant cockroaches (D:1)
  2 goblins (D:1)
  2 hobgoblins (D:1)
  2 jackals (D:2)
  A bat (D:1)
  2 kobolds (D:1)
  4 rats (D:1)
17 creatures vanquished.

Notes
Turn   | Place    | Note
--------------------------------------------------------------
     0 | D:1      | matakusis the Vampire Enchanter began the quest for the Orb.
     0 | D:1      | Reached XP level 1. HP: 13/13 MP: 3/3
   204 | D:1      | Reached skill level 5 in Stealth
   204 | D:1      | Reached XP level 2. HP: 19/19 MP: 5/5
   798 | D:2      | Found a faded altar to an unknown god.
   835 | D:2      | Gained mutation: Potions and wands are less effective at restoring your health. [potion of mutation]
   835 | D:2      | Gained mutation: Your system is resistant to poisons. [potion of mutation]
   835 | D:2      | Gained mutation: Potions and wands are poor at restoring your health. [potion of mutation]
   843 | D:2      | Slain by an adder

Skill      XL: |  1 |
---------------+----+-----
Stealth        | 5 |  5.6
Short Blades   | |  1.1
Dodging        | |  2.5
Spellcasting   | |  2.1
Hexes          | |  4.7

Action                   || total
-------------------------++-------
Melee: Dagger            ||    50
       Bite              ||     3
 Cast: Corona            ||    11
  Use: Scroll            ||     3
       Potion            ||     1
 Stab: Sleeping          ||     7
Armor: Robe              ||    10
Dodge: Dodged            ||    35
